 Dungeon Crawl Stone Soup version 0.20.1-1-g8b1a95d (webtiles) character file.

1497 Crag the Ruffian (level 8, 0/79 HPs)
             Began as a Troll Fighter on Oct 21, 2017.
             Was a Priest of Uskayaw.
             Slain by a hog (6 damage)
             ... on level 7 of the Dungeon.
             The game lasted 00:12:32 (5306 turns).

Crag the Ruffian (Troll Fighter)                    Turns: 5306, Time: 00:12:33

Health: 0/79       AC:  6    Str: 25    XL:     8   Next: 51%
Magic:  7/7        EV: 10    Int:  4    God:    Uskayaw [***...]
Gold:   277        SH:  9    Dex: 11    Spells: 6/7 levels left

rFire    + . .     SeeInvis +     - Unarmed
rCold    . . .     Gourm    +   b - +0 shield
rNeg     . . .     Faith    .   a - +0 robe
rPois    +         Spirit   .   (helmet restricted)
rElec    .         Reflect  .   s - +0 cloak
rCorr    .         Harm     .   (gloves unavailable)
MR       .....                  (boots unavailable)
Stlth    +.........             (no amulet)
Regen    0.7/turn               A - ring of poison resistance
MPRegen  0.1/turn               q - +6 ring of slaying

@: no status effects
A: unfitting armour, claws 3, see invisible, fire resistance 1, fast metabolism
3, gourmand, regeneration 1, shaggy fur 1, tough skin 2
a: Stomp, Line Pass, Renounce Religion


You were on level 7 of the Dungeon.
You worshipped Uskayaw.
Uskayaw was noncommittal.
You were not hungry.

You visited 2 branches of the dungeon, and saw 8 of its levels.

You collected 277 gold pieces.

Inventory:

Missiles
 y - 5 javelins of returning (quivered)
Armour
 a - a +0 robe (worn)
 b - a +0 shield (worn)
 s - a +0 cloak (worn)
Jewellery
 f - an uncursed ring of wizardry
 q - a +6 ring of slaying (right claw)
 A - a ring of poison resistance (left claw)
 G - an uncursed ring of wizardry
Wands
 p - a wand of random effects (18/48)
Scrolls
 e - a scroll of immolation
 h - 2 scrolls of fog {unknown}
 i - 2 scrolls of fear {unknown}
 k - 12 scrolls of identify
 l - a scroll of magic mapping {unknown}
 o - a scroll of amnesia
 u - 2 scrolls of teleportation
 x - a scroll of enchant weapon {unknown}
 B - a scroll of enchant armour {unknown}
Potions
 c - 2 potions of might
 g - a potion of agility {unknown}
 n - 2 potions of lignification {unknown}
 t - 3 potions of haste
 v - 2 potions of cancellation {unknown}
 w - a potion of flight {unknown}
 z - a potion of mutation
 D - 2 potions of magic {unknown}
 E - 2 potions of ambrosia {unknown}
 F - 2 potions of berserk rage {unknown}
Books
 j - a book of Misfortune

   Spells                             Type                      Level
   a - Confusing Touch                Hexes                        1
   b - Confuse                        Hexes                        3
   c - Gell's Gravitas                Translocation                3
   d - Petrify                        Transmutation/Earth          4
   e - Metabolic Englaciation         Hexes/Ice                    5
   f - Yara's Violent Unravelling     Hexes/Transmutation          5
 C - a book of Cantrips

   Spells                             Type                      Level
   a - Confusing Touch                Hexes                        1
   b - Animate Skeleton               Necromancy                   1
   c - Summon Small Mammal            Summoning                    1
   d - Apportation                    Translocation                1
Comestibles
 d - 6 bread rations
 m - 4 meat rations
 r - 2 royal jellies


   Skills:
 + Level 4.4 Fighting
 * Level 5.1 Dodging
 + Level 4.4 Shields
 * Level 6.9 Unarmed Combat


You had 6 spell levels left.
You knew the following spells:

 Your Spells              Type           Power        Failure   Level  Hunger
a - Confusing Touch       Hex            #.....       83%         1    ##.....


Dungeon Overview and Level Annotations

Branches:
Dungeon (7/15)             Temple (1/1) D:5

Altars:
Ashenzari
Cheibriados
Elyvilon
Fedhas
Gozag
Kikubaaqudgha
Makhleb
Nemelex Xobeh
Qazlal
Ru
Sif Muna
Trog
Uskayaw
Xom
Yredelemnul
The Shining One

Shops:
D:4 ***%*   D:6 ?


Innate Abilities, Weirdness & Mutations

You are too large for most types of armour.
You have claws for hands.
Your metabolism is lightning-fast.
You like to eat raw meat.
Your natural rate of healing is unusually fast.
You are covered in fur. (AC +1)
You have very tough skin. (AC +2)
You have supernaturally acute eyesight. (SInv)
Your flesh is heat resistant. (rF+)


Message History

The hog bites you!
Uskayaw will force your foes to helplessly watch your dance.
Uskayaw prepares the audience for your solo!
The helpless hog fails to defend itself.
You claw the hog!
The hog is almost dead.
The hog is no longer paralysed. x4; You block the hog's attack.
The hog bites you but does no damage. The hog closely misses you.
The hog bites you! You block the hog's attack.
Your shield prevents you from hitting the hog.
The hog is almost dead.
The hog bites you! The hog completely misses you. The hog bites you.
The hog bites you!
* * * LOW HITPOINT WARNING * * *
You scratch the hog.
The hog is almost dead.
The hog bites you!
* * * LOW HITPOINT WARNING * * *
The hog bites you.
You die...

###########
#..........
#(h#######.
###+#####.@hh).%%#
#.........h#....%#
#..........###'###
#..........#.....#
#..........#.....#
###.##############
#.# #.#
#.###########


You could see 4 hogs.

Vanquished Creatures
  Grinder (D:6)
  A human (D:7)
  An ice beast (D:5)
  A sky beast (D:5)
  A phantom (D:6)
  Blork the orc (D:4)
  A scorpion (D:4)
  A wyvern skeleton (D:6)
  A howler monkey (D:5)
  2 crimson imps
  2 orc priests
  2 hounds
  An iguana (D:4)
  An orc wizard (D:5)
  Crazy Yiuf (D:4)
  Natasha (thrice) (D:4)
  6 worker ants
  A hound zombie (D:6)
  2 hound skeletons
  Robin (D:3)
  4 adders
  3 gnolls (D:3)
  An adder skeleton (D:6)
  2 worms
  2 dart slugs
  7 orcs
  A ball python (D:4)
  3 giant cockroaches
  13 goblins
  9 hobgoblins
  6 jackals
  3 kobolds
  6 quokkas
  6 bats
  3 frilled lizards
  A jackal skeleton (D:4)
  A jackal zombie (D:7)
  2 leopard gecko skeletons
  9 rats
113 creatures vanquished.

Notes
Turn   | Place    | Note
-------+----------+-------------------------------------------
     0 | D:1      | Crag the Troll Fighter began the quest for the Orb.
     0 | D:1      | Reached XP level 1. HP: 22/22 MP: 0/0
   221 | D:1      | Reached XP level 2. HP: 29/29 MP: 1/1
   869 | D:2      | Reached XP level 3. HP: 32/36 MP: 2/2
  1507 | D:2      | Gained mutation: You have supernaturally acute eyesight. (SInv) [potion of mutation]
  1507 | D:2      | Gained mutation: Your spells are a little harder to cast, but a little more powerful. [potion of mutation]
  1507 | D:2      | Lost mutation: Your spells are a little harder to cast, but a little more powerful. [potion of mutation]
  1507 | D:2      | Gained mutation: Your flesh is heat resistant. (rF+) [potion of mutation]
  1534 | D:3      | Reached skill level 3 in Unarmed Combat
  1603 | D:3      | Found a faded altar of an unknown god.
  1737 | D:3      | Reached XP level 4. HP: 44/44 MP: 3/3
  1794 | D:3      | Noticed Robin
  1809 | D:3      | Killed Robin
  2131 | D:3      | Learned a level 1 spell: Confusing Touch
  2240 | D:3      | Reached XP level 5. HP: 50/53 MP: 4/4
  2362 | D:4      | Noticed Natasha
  2378 | D:4      | Killed Natasha
  2434 | D:4      | Found a runed door.
  2438 | D:4      | Noticed Crazy Yiuf
  2443 | D:4      | Killed Crazy Yiuf
  2482 | D:4      | Reached skill level 4 in Unarmed Combat
  2515 | D:4      | Noticed Blork the orc
  2523 | D:4      | Killed Blork the orc
  2523 | D:4      | Reached XP level 6. HP: 61/61 MP: 5/5
  2602 | D:4      | Noticed Natasha
  2627 | D:4      | Killed Natasha
  2745 | D:4      | Found Duetoise's Assorted Antiques.
  2761 | D:4      | Found Gycwess's Food Shop.
  2837 | D:4      | Found Duoroz's General Store.
  2892 | D:4      | Found Asangyuv's Assorted Antiques.
  2997 | D:4      | Found Nytuikage's General Store.
  3397 | D:4      | Noticed Natasha
  3401 | D:4      | Killed Natasha
  3475 | D:5      | Entered Level 5 of the Dungeon
  3507 | D:5      | Reached skill level 5 in Unarmed Combat
  3507 | D:5      | Reached XP level 7. HP: 40/67 MP: 6/6
  3631 | D:5      | Found a staircase to the Ecumenical Temple.
  3639 | Temple   | Entered the Ecumenical Temple
  3772 | Temple   | Became a worshipper of Uskayaw the Reveler
  3812 | D:5      | Reached * piety under Uskayaw
  3881 | D:5      | Reached ** piety under Uskayaw
  4603 | D:6      | Found a deep blue altar of Sif Muna.
  4633 | D:6      | Reached skill level 6 in Unarmed Combat
  4687 | D:6      | Reached XP level 8. HP: 78/78 MP: 7/7
  4900 | D:6      | Found Tuylexyun's Magic Scroll Shoppe.
  4917 | D:6      | Noticed Grinder
  4924 | D:6      | Killed Grinder
  5296 | D:7      | Reached skill level 5 in Dodging
  5303 | D:7      | Reached *** piety under Uskayaw
  5306 | D:7      | Slain by a hog

Skill      XL: |  1  2  3  4  5  6  7  8 |
---------------+-------------------------+-----
Unarmed Combat | 3 4 5 6 |  6.9
Dodging        | 3 4 5 |  5.1
Fighting       | 3 4 |  4.4
Shields        | 3 4 |  4.4

Action                   |  1- 3 |  4- 6 |  7- 9 || total
-------------------------+-------+-------+-------++-------
Melee: Unarmed           |   124 |   143 |    92 ||   359
  Use: Scroll            |     7 |       |       ||     7
       Potion            |     5 |     1 |       ||     6
 Stab: Paralysed         |       |       |     1 ||     1
  Eat: Chunk             |    21 |    15 |    10 ||    46
Armor: Robe              |    35 |    27 |    20 ||    82
Dodge: Dodged            |    33 |    34 |    30 ||    97
Block: Shield            |    44 |    53 |    42 ||   139
